 Dungeon Crawl Stone Soup version 0.27-a0-901-g8736458e1e (webtiles) character file.

Game seed: 9104239537898274082

10906 HELP the Basher (level 11, -2/102 HPs)
             Began as a Minotaur Berserker on Apr 6, 2021.
             Was a High Priest of Trog.
             Slain by an orc warrior
             ... wielding a +0 halberd
              (30 damage)
             ... on level 11 of the Dungeon.
             The game lasted 00:26:03 (9864 turns).

HELP the Basher (Minotaur Berserker)                Turns: 9864, Time: 00:26:03

Health: -2/102     AC: 12    Str: 22    XL:     11   Next: 42%
Magic:  0/10       EV: 11    Int:  4    God:    Trog [*****.]
Gold:   290        SH:  4    Dex:  9    Spells: 10/10 levels left

rFire    . . .     SeeInvis +   n - +0 mace (holy)
rCold    + . .     Faith    .   q - +0 buckler
rNeg     . . .     Spirit   +   I - +2 ring mail {rC+}
rPois    +         Reflect  .   (helmet restricted)
rElec    .         Harm     .   x - +2 cloak {Will+}
rCorr    .         Rampage  .   (no gloves)
Will     +++..                  (no boots)
Stlth    ..........             K - amulet "Bepp" {Spirit +Blink Will++ Str-4}
HPRegen  0.27/turn              D - ring of Yjaum {rPois SInv}
MPRegen  0.12/turn              (no ring)

@: mighty, berserk cooldown, slowed, very slow
A: horns 2, retaliatory headbutt
a: Renounce Religion, Evoke Blink, Berserk, Trog's Hand, Brothers in Arms


You were on level 11 of the Dungeon.
You worshipped Trog.
Trog was extremely pleased with you.
You visited 2 branches of the dungeon, and saw 12 of its levels.

You collected 342 gold pieces.
You spent 52 gold pieces at shops.

Inventory:

Hand Weapons
 h - a +0 hunting sling
 n - a +0 mace of holy wrath (weapon)
 w - a +4 quarterstaff of chaos
Missiles
 a - a curare-tipped dart
 j - 29 bolts
 p - 151 arrows
 t - 2 throwing nets
 M - 43 sling bullets
Armour
 q - a +0 buckler (worn)
 x - a +2 cloak of willpower (worn)
 I - a +2 ring mail of cold resistance (worn)
 N - a +1 hat
 Q - a +2 chain mail of poison resistance
Jewellery
 e - an amulet of regeneration
 o - an amulet of guardian spirit
 D - the ring of Yjaum (left hand) {rPois SInv}
   (You found it on level 5 of the Dungeon)

   [ring of see invisible]

   It protects you from poison.
   It lets you see invisible.
 J - an amulet of the acrobat
 K - the amulet "Bepp" (around neck) {Spirit +Blink Will++ Str-4}
   (You found it on level 8 of the Dungeon)

   [amulet of guardian spirit]

   It causes incoming damage to be divided between your reserves of health and
   magic.
   It affects your strength (-4).
   It lets you blink.
   It greatly increases your willpower.
Wands
 b - a wand of charming (6)
 u - a wand of flame (27)
 F - a wand of paralysis (13)
 O - a wand of acid (13)
Scrolls
 c - 4 scrolls of fog {unknown}
 d - 8 scrolls of noise {unknown}
 g - 2 scrolls of fear {unknown}
 r - 9 scrolls of identify {unknown}
 y - a scroll of enchant weapon {unknown}
 C - 2 scrolls of torment {unknown}
 G - 2 scrolls of teleportation {unknown}
 H - 3 scrolls of amnesia {unknown}
 P - 2 scrolls of summoning {unknown}
Potions
 f - 3 potions of curing
 i - a potion of mutation {unknown}
 k - 2 potions of haste {unknown}
 m - a potion of invisibility {unknown}
 s - 2 potions of might
 v - a potion of attraction {unknown}
 z - 2 potions of magic {unknown}
 A - a potion of berserk rage {unknown}
 B - 2 potions of flight {unknown}
 E - a potion of brilliance {unknown}
 L - 2 potions of lignification {unknown}


   Skills:
 + Level 11.3 Fighting
 - Level 14.0 Maces & Flails
 + Level 7.8 Armour
 - Level 2.1 Dodging
 - Level 5.0 Shields
 * Level 6.5 Evocations


You had 10 spell levels left.
You didn't know any spells.
Your spell library contained the following spells:

 Spells                   Type           Power      Damage    Failure   Level
 Foxfire                  Conj/Fire      0%         2x1d4     65%         1
 Conjure Flame            Conj/Fire      0%         6-21      95%         3
 Inner Flame              Hex/Fire       0%         N/A       95%         3
 Cause Fear               Hex            0%         N/A       100%        4
 Sticky Flame             Conj/Fire      0%         2d3       100%        4
 Fireball                 Conj/Fire      0%         3d3       100%        5
 Silence                  Hex/Air        0%         N/A       100%        5
 Yara's Violent Unravell  Hex/Tmut       0%         3d3       100%        5
 Discord                  Hex            0%         N/A       100%        8


Dungeon Overview and Level Annotations

Branches:
Dungeon (11/15)            Temple (0/1) D:5            Lair (0/6) D:11
    Orc (1/2) D:11

Altars:
Elyvilon
Fedhas
Gozag
Ru
Sif Muna
Xom
Zin

Shops:
D:2 !


Innate Abilities, Weirdness & Mutations

You have a pair of horns on your head.
You reflexively headbutt those who attack you in melee.


Message History

You climb upwards.
Welcome back to the Dungeon!
You feel a strong urge to attack something.
You are no longer berserk.
You are exhausted.
You feel yourself slow down.
There is a staircase to the Orcish Mines here.
You sock the orc!
You kill the orc!
Trog accepts your kill.
You sock the orc!
You kill the orc!
Trog accepts your kill. The orc warrior barely misses you.
The orc sorcerer hits you with a +0 dagger.
The orc warrior hits you with a +0 halberd!!
* * * LOW HITPOINT WARNING * * *
Items here: ))) [.
You barely miss the orc warrior.
The orc warrior is moderately wounded.
The orc sorcerer hits you with a +0 dagger!
* * * LOW HITPOINT WARNING * * *
The orc warrior hits you with a +0 flail.
* * * LOW HITPOINT WARNING * * *
You block the orc warrior's attack.
You feel much better.
The orc sorcerer hits you but does no damage.
The orc warrior hits you with a +0 flail!
* * * LOW HITPOINT WARNING * * *
The orc warrior misses you.
The orc sorcerer hits you with a +0 dagger.
* * * LOW HITPOINT WARNING * * *
The orc warrior closely misses you.
You feel much better. You block the orc warrior's attack.
The orc sorcerer hits you but does no damage.
The orc warrior barely misses you. x2
You feel very mighty all of a sudden.
The orc sorcerer hits you but does no damage.
You block the orc warrior's attack.
The orc warrior hits you with a +0 halberd!!
You die...

#..... .P....#
.#### P.....# ....^
..P...# ≈≈≈≈≈
...P..## ≈≈≈≈≈
.......##
###################
P.P.....#
#o≈................
.P......#
###o...............
..P.P...#
#>@oo......8.......
........#
###o...............
.†......#
#o≈................
..P.....#
###################
...P....# ...†...##
≈ .......# ..
P......# ##
.....P.#


You could see an orc sorcerer (strong), 2 orc warriors and an orc wizard
(strong).

Vanquished Creatures
  Gastronok (D:9)
  Erolcha (D:9)
  A boulder beetle (D:7)
  A two-headed ogre (D:11)
  A cyclops (D:11)
  Joseph (D:9)
  The ghost of sbaton the Changer, a novice DgTm (D:5)
  An unseen horror (D:11)
  A troll (Orc:1)
  A hornet (D:10)
  Grinder (D:3)
  Prince Ribbit (D:7)
  Sigmund (D:2)
  A shadow (D:7)
  A yak (D:11)
  A wyvern (D:10)
  A wraith (D:10)
  3 water moccasins
  8 orc warriors
  3 ogres
  2 kobold brigands (D:7)
  A gnoll sergeant (D:8)
  5 bullfrogs
  A wyvern zombie (D:6)
  5 scorpions
  5 wights (D:8)
  3 killer bees (D:9)
  4 howler monkeys
  2 electric eels
  2 centaur zombies
  A jelly (D:5)
  Crazy Yiuf (D:3)
  10 orc priests
  A gnoll shaman (D:9)
  2 bullfrog skeletons
  Natasha (thrice) (D:2)
  2 iguanas
  16 orc wizards
  2 killer bee zombies
  2 hound skeletons (D:4)
  3 howler monkey zombies
  5 adders
  15 gnolls
  A howler monkey skeleton (D:5)
  2 shadow imps
  3 white imps (D:7)
  2 ufetubi
  2 worms
  A dart slug (D:4)
  55 orcs
  2 ball pythons (D:1)
  3 endoplasms
  A giant cockroach (D:1)
  3 goblins
  4 hobgoblins
  4 jackals (D:3)
  A quokka (D:1)
  6 bats
  11 kobolds
  A rat (D:1)
226 creatures vanquished.

Vanquished Creatures (others)
  42 fungi
  40 plants
82 creatures vanquished.

Grand Total: 308 creatures vanquished

Notes
Turn   | Place    | Note
-------+----------+-------------------------------------------
     0 | D:1      | HELP the Minotaur Berserker began the quest for the Orb.
     0 | D:1      | Reached XP level 1. HP: 19/19 MP: 0/0
   244 | D:1      | Found a faded altar of an unknown god.
   285 | D:1      | Reached skill level 4 in Maces & Flails
   335 | D:1      | Reached XP level 2. HP: 27/27 MP: 1/1
   807 | D:2      | Found Ytzianao's Distillery.
   822 | D:2      | You fall into a shaft and drop 2 floors!
   871 | D:3      | Reached XP level 3. HP: 33/33 MP: 2/2
   908 | D:3      | Reached skill level 5 in Maces & Flails
   942 | D:3      | Reached ** piety under Trog
  1030 | D:2      | Noticed Natasha
  1038 | D:2      | Killed Natasha
  1039 | D:2      | Reached XP level 4. HP: 28/41 MP: 3/3
  1059 | D:2      | Bought a potion of degeneration for 13 gold pieces
  1059 | D:2      | Bought a potion of curing for 39 gold pieces
  1079 | D:2      | Noticed Natasha
  1085 | D:2      | Killed Natasha
  1129 | D:2      | Noticed Sigmund
  1137 | D:2      | Killed Sigmund
  1138 | D:2      | Reached skill level 5 in Fighting
  1138 | D:2      | Reached skill level 6 in Maces & Flails
  1138 | D:2      | Reached XP level 5. HP: 48/48 MP: 4/4
  1199 | D:2      | Noticed Natasha
  1215 | D:2      | Reached skill level 7 in Maces & Flails
  1215 | D:2      | Reached XP level 6. HP: 56/56 MP: 5/5
  1219 | D:2      | Killed Natasha
  1774 | D:3      | Found a sacrificial altar of Ru.
  1935 | D:3      | Noticed Grinder
  1942 | D:3      | Killed Grinder
  1943 | D:3      | Reached skill level 8 in Maces & Flails
  1943 | D:3      | Reached XP level 7. HP: 13/64 MP: 6/6
  2085 | D:3      | Found a runed translucent door.
  2086 | D:3      | Noticed Crazy Yiuf
  2094 | D:3      | Killed Crazy Yiuf
  2353 | D:4      | Found a white marble altar of Elyvilon.
  2704 | D:4      | Found a shimmering blue altar of Sif Muna.
  2772 | D:5      | Entered Level 5 of the Dungeon
  2854 | D:5      | Found a runed translucent gate.
  2854 | D:5      | Found a runed translucent gate.
  2854 | D:5      | Found a runed translucent gate.
  2855 | D:5      | Noticed sbaton's ghost (novice DgTm)
  2862 | D:5      | Killed sbaton's ghost
  2863 | D:5      | Reached skill level 9 in Maces & Flails
  2863 | D:5      | Reached XP level 8. HP: 73/73 MP: 7/7
  2956 | D:5      | Reached skill level 10 in Maces & Flails
  3063 | D:5      | Identified the ring of Yjaum {rPois SInv}
  3075 | D:5      | Reached *** piety under Trog
  3139 | D:5      | Found a staircase to the Ecumenical Temple.
  3307 | D:5      | Found a glowing silver altar of Zin.
  3308 | D:5      | Noticed an angel
  3613 | D:6      | Reached skill level 11 in Maces & Flails
  3707 | D:6      | Reached **** piety under Trog
  3876 | D:6      | Reached XP level 9. HP: 82/82 MP: 8/8
  4225 | D:7      | Noticed a boulder beetle
  4253 | D:7      | Reached skill level 12 in Maces & Flails
  4253 | D:7      | Reached skill level 1 in Shields
  4258 | D:7      | Killed a boulder beetle
  4405 | D:7      | Noticed Prince Ribbit
  4417 | D:7      | Killed Prince Ribbit
  5129 | D:7      | Reached skill level 13 in Maces & Flails
  5219 | D:8      | Identified the amulet "Bepp" {Spirit +Blink Will++ Str-4}
  5324 | D:8      | Found a shimmering altar of Xom.
  5349 | D:8      | Reached skill level 5 in Armour
  5371 | D:8      | Reached XP level 10. HP: 87/92 MP: 9/9
  5600 | D:8      | Found a blossoming altar of Fedhas.
  6012 | D:9      | Reached skill level 1 in Evocations
  6021 | D:9      | Noticed Erolcha
  6035 | D:9      | Killed Erolcha
  6036 | D:9      | Reached skill level 10 in Fighting
  6357 | D:9      | Noticed Gastronok
  6393 | D:9      | Killed Gastronok
  6394 | D:9      | Reached skill level 5 in Shields
  6786 | D:9      | Noticed Joseph
  6809 | D:9      | HP: 3/94 [orc warrior/+0 war axe (16)]
  6814 | D:9      | Killed Joseph
  7230 | D:9      | Found an opulent altar of Gozag.
  7523 | D:10     | Entered Level 10 of the Dungeon
  7569 | D:10     | Reached skill level 14 in Maces & Flails
  7740 | D:10     | Reached ***** piety under Trog
  8476 | D:10     | Reached XP level 11. HP: 96/101 MP: 10/10
  8685 | D:11     | Reached skill level 5 in Evocations
  9009 | D:11     | Found a staircase to the Lair.
  9798 | D:11     | Noticed a two-headed ogre
  9808 | D:11     | Killed a two-headed ogre
  9831 | D:11     | Found a staircase to the Orcish Mines.
  9840 | Orc:1    | Entered Level 1 of the Orcish Mines
  9840 | Orc:1    | Noticed an orc sorcerer
  9845 | Orc:1    | Noticed an orc knight
  9864 | D:11     | Slain by an orc warrior

Illustrated notes

Levels and vault maps discovered:
D:1:      eino_arrival_druids_welcome, layout_basic, basic_ecumenical_altar,
          minmay_misc_feat_square
D:2:      layout_basic, serial_shops, shop_statue, uniq_sigmund, uniq_natasha
D:3:      layout_loops_ring, nicolae_ru_awakened_eye,
          hangedman_decor_clover_reticule, minivault_26, minmay_fountain_box,
          minmay_strange_pillars, minmay_misc_feat_enclosed, grunt_decor_cap,
          uniq_crazy_yiuf_cottage, uniq_grinder
D:4:      layout_basic, overflow_temple_1_default, kennysheep_orc_sif_temple,
          serial_bayou_ford_a, ebering_dispersal_statue_hall
D:5:      layout_loops_ring, zin_angel, minmay_temple_entry_mist,
          gammafunk_ghost_necromancy, kennysheep_generic_room_13
D:6:      layout_gridville
D:7:      layout_loops_corners, uniq_prince_ribbit1
D:8:      layout_loops_ring, fedhas_altar_4, kennysheep_mini_moat,
          serial_bayou_pond_c
D:9:      layout_long_grid, lemuel_coloured_pillars_altar, uniq_joseph,
          uniq_erolcha, uniq_gastronok
D:10:     layout_loops_ring
D:11:     layout_long_grid, due_lair_maze_entry_diamond, erik_orc_2
Orc:1:    layout_caves, nicolae_orc_stony_grotto, uniq_maurice, uniq_snorg

Skill      XL: |  1  2  3  4  5  6  7  8  9 10 11 |
---------------+----------------------------------+-----
Maces & Flails | 4 5 6 7 8 9 11 13 14 | 14.0
Fighting       | 4 5 6 7 8 9 10 11 | 11.3
Shields        | 4 5 |  5.0
Armour         | 5 6 7 |  7.8
Evocations     | 4 6 |  6.5
Dodging        | |  2.1

Action                   |  1- 3 |  4- 6 |  7- 9 | 10-12 || total
-------------------------+-------+-------+-------+-------++-------
Melee: Mace              |    50 |    40 |   262 |   336 ||   688
       Headbutt          |     2 |     8 |    59 |    70 ||   139
Invok: Berserk           |     1 |     3 |     7 |     5 ||    16
  Use: Potion            |       |       |       |     6 ||     6
 Stab: Sleeping          |     1 |       |       |       ||     1
Armor: Animal skin       |     4 |     1 |    23 |       ||    28
       Ring mail         |       |       |    17 |   109 ||   126
Dodge: Dodged            |    36 |    19 |   100 |   144 ||   299
Block: Buckler           |       |       |     9 |    63 ||    72

Table legend: (Time is in decaauts)
 A = Elapsed time spent in this place.
 B = Non-inter-level travel time spent in this place.
 C = Inter-level travel time spent in this place.
 D = Time resting spent in this place.
 E = Time spent auto-exploring this place.
 F = Levels seen in this place.
 G = Mean time per level.
                   A        B        C        D        E       F      G
               +--------+--------+--------+--------+--------+-----+--------+
         Total |   9896 |   9567 |    329 |    634 |   7511 |  12 |  824.7 |
       Dungeon |   9887 |   9558 |    329 |    634 |   7511 |  11 |  898.8 |
  Orcish Mines |      9 |      9 |      0 |      0 |      0 |   1 |    9.0 |
               +--------+--------+--------+--------+--------+-----+--------+

Top non-repeatable levels by time:
     D:9: 1526 daAuts
    D:10: 1227 daAuts
    D:11: 1043 daAuts
     D:7: 974 daAuts
     D:8: 799 daAuts
     D:3: 796 daAuts
     D:6: 794 daAuts
     D:1: 760 daAuts
     D:5: 682 daAuts
     D:4: 647 daAuts
     D:2: 634 daAuts
   Orc:1: 9 daAuts
